 Dungeon Crawl Stone Soup version 0.16-a0-4024-g0ecf4ac (console) character file.

89 mudo the Insei (level 4, 0/31 HPs)
             Began as a Vampire Transmuter on Feb 18, 2015.
             Slain by a gnoll
             ... wielding a +0 halberd
              (13 damage)
             ... on level 3 of the Dungeon.
             The game lasted 00:08:09 (2164 turns).

mudo the Insei (Vampire Transmuter)                 Turns: 2164, Time: 00:08:09

Health: 0/31       AC:  4    Str:  9    XL:     4   Next: 31%
Magic:  2/7        EV: 12    Int: 16    God:
Gold:   179        SH:  0    Dex: 14    Spells: 2 memorised, 3 levels left

rFire  . . .     SeeInvis +       - Unarmed
rCold  . . .     Clarity  +     c - +0 robe
rNeg   . . .     SustAb   .     (no shield)
rPois  .         Gourm    .     g - +1 helmet
rElec  .         Spirit   .     (no cloak)
rCorr  .         Warding  .     (no gloves)
rMut   .         Stasis   .     (no boots)
MR     .....                    o - amulet of clarity
Stlth  +.........               (no ring)
                                (no ring)

@: very slightly contaminated, regenerating quickly, not resistant to hostile
enchantments, very unstealthy
A: bottle blood, fangs 3, see invisible, unbreathing
a: no special abilities


You were on level 3 of the Dungeon.
You were very full.

You visited 1 branch of the dungeon, and saw 3 of its levels.

You collected 179 gold pieces.


   Skills:
 - Level 0.8 Fighting
 + Level 1.0 Staves
 - Level 2.1 Dodging
 - Level 5.1 Unarmed Combat
 - Level 2.0 Spellcasting
 - Level 2.1 Transmutations
 + Level 1.1 Evocations


You had 3 spell levels left.
You knew the following spells:

 Your Spells              Type           Power        Failure   Level  Hunger
a - Beastly Appendage     Trmt           #.....       10%         1    #......
c - Spider Form           Trmt/Pois      #.........   38%         3    ###....


Dungeon Overview and Level Annotations

Branches:
Dungeon (3/15)

Altars:


Innate Abilities, Weirdness & Mutations

Your natural rate of healing is unusually fast.
You can bottle blood from corpses.
You have razor-sharp teeth.
You have supernaturally acute eyesight.
You can survive without breathing.

Inventory:

Hand weapons
 n - a +3 dagger
 s - a +1 whip of venom
Missiles
 b - 12 arrows
 i - 14 poisoned needles
 l - 11 arrows of flame
 m - 2 javelins (quivered)
Armour
 c - a +0 robe (worn)
 g - a +1 helmet (worn)
Magical staves
 a - an uncursed staff of poison
Jewellery
 o - an amulet of clarity (around neck)
 t - an uncursed ring of fire
Scrolls
 e - a scroll of blinking {unknown}
 f - a scroll of recharging {unknown}
 k - a scroll of enchant armour {unknown}
 p - a scroll of identify {unknown}
 q - a scroll of magic mapping {unknown}
 r - a scroll of remove curse {unknown}
Potions
 h - 10 potions of blood {@*1}
 j - 3 potions of heal wounds {unknown}
Books
 d - a book of Changes

   Spells                             Type                      Level
   a - Beastly Appendage              Transmutation                1
   b - Sticks to Snakes               Transmutation                2
   c - Spider Form                    Transmutation/Poison         3
   d - Ice Form                       Ice/Transmutation            4
   e - Blade Hands                    Transmutation                5


Message History

You hit the gnoll but do no damage.
The gnoll is lightly wounded.
The gnoll barely misses you.
You hit the gnoll but do no damage.
The gnoll is lightly wounded.
The gnoll misses you.
You hit the gnoll but do no damage.
The gnoll is lightly wounded.
You hit the gnoll.
The gnoll is moderately wounded.
The gnoll hits you with a halberd.
You hit the gnoll.
The gnoll is heavily wounded.
The gnoll closely misses you.
You hit the gnoll but do no damage.
The gnoll is heavily wounded.
You barely miss the gnoll.
The gnoll is heavily wounded.
The gnoll hits you with a halberd!
You die...

#...........# #.#..#
#(.(.....#.## #....#
#........#.# #...#
#........#.# #...#
####).......#.# #..)########
.........####.#####...........
(......).# #.K......#########
.........########K##>.........
...(......[.....V....#########
....(.....########.#.###
..........##....##.#...#
.........###.##....###.#
#######.## #.####### #.# #.#
#......# #.# #.# ######.# #.#
#.# #.# #.# #.# #.# #.#


You could see a gnoll.

Action                   |  1- 3 |  4- 6 || total
-------------------------+-------+-------++-------
Melee: Unarmed           |   103 |    13 ||   116
       Staff             |    39 |    44 ||    83
Throw: Javelin           |       |     2 ||     2
  Use: Potion            |     4 |       ||     4
 Stab: Sleeping          |     1 |       ||     1
  Eat: Corpse            |    12 |     3 ||    15

Vault maps used:
D:1:      dpeg_arrival_more_subterranean_lakeside_camping
D:2:      first_bread

Vanquished Creatures
  A gnoll (D:3)
  2 adders (D:2)
  A giant mite (D:2)
  A worm (D:2)
  A giant gecko (D:2)
  3 ball pythons
  A giant cockroach (D:2)
  7 hobgoblins
  11 kobolds
  A quokka (D:2)
  3 bats
  10 goblins
  8 rats
50 creatures vanquished.

Table legend:
 A = Kills in this place as a percentage of kills in entire the game.
 B = Kills by you in this place as a percentage of kills by you in the entire game.
 C = Kills by friends in this place as a percentage of kills by friends in the entire game.
 D = Other kills in this place as a percentage of other kills in the entire game.
 E = Experience gained in this place as a percentage of experience gained in the entire game.
 F = Experience gained in this place divided by the number of levels of this place that you have seen.
                   A       B       C       D       E      F
               +-------+-------+-------+-------+-------+----------------------
         Total | 100.0 | 100.0 |  -nan |  -nan | 100.0 |  42.7
       Dungeon | 100.0 | 100.0 |  -nan |  -nan | 100.0 |  42.7
               +-------+-------+-------+-------+-------+----------------------

Table legend:
 A = Turns spent in this place as a percentage of turns spent in the entire game.
 B = Non-inter-level travel turns spent in this place as a percentage of non-inter-level travel turns spent in the entire game.
 C = Inter-level travel turns spent in this place as a percentage of turns spent in this place.
 D = Turns resting spent in this place as a percentage of non-inter-level travel turns spent in this place.
 E = Turns spent auto-exploring this place as a percentage of non-inter-level travel turns spent in this place.
 F = Non-inter-level travel turns spent in this place divided by the number of levels of this place that you've seen.
                   A       B       C       D       E      F
               +-------+-------+-------+-------+-------+----------------------
         Total | 100.0 | 100.0 |   0.9 |   1.8 |  12.0 | 222.3
       Dungeon | 100.0 | 100.0 |   0.9 |   1.8 |  12.0 | 222.3
               +-------+-------+-------+-------+-------+----------------------

Notes
Turn   | Place    | Note
--------------------------------------------------------------
     0 | D:1      | mudo, the Vampire Transmuter, began the quest for the Orb.
     0 | D:1      | Reached XP level 1. HP: 14/14 MP: 3/3
   176 | D:1      | Reached skill level 4 in Unarmed Combat
   176 | D:1      | Reached XP level 2. HP: 12/20 MP: 4/4
   794 | D:2      | HP: 4/20 [poisoned by an adder]
   797 | D:2      | HP: 1/20 [adder (2)]
   802 | D:2      | Reached XP level 3. HP: 6/25 MP: 6/6
   941 | D:2      | Reached skill level 5 in Unarmed Combat
  1543 | D:2      | Reached XP level 4. HP: 31/31 MP: 7/7
  1744 | D:2      | HP: 6/31 [worm (9)]
  2035 | D:3      | Reached skill level 1 in Staves
  2035 | D:3      | Reached skill level 1 in Evocations
  2147 | D:3      | Learned a level 3 spell: Spider Form
  2164 | D:3      | Slain by a gnoll
